Map: [ESL] Amphion

Players

Nina - Winner!

  • Race: Protoss Protoss
  • Spawn Location: 7:00

SpeCial

  • Race: Terran Terran
  • Spawn Location: 11:00

Event: ESL SC2 Masters 2024 Spring (Regional)

VOD

Have the link to the VOD?

Description

Time

  • Played on: April 21, 2024, 1:27 p.m.
  • Length: 20:01

All games in this series

Show
View Real Time Build Order
Export as new Build Order

Nina Protoss - Winner!

Build Orders: 1 Gate Expand, Phoenix Opening, Blink Stalkers 

Get SALT Encoding   

  12  0:00  Probe  
  13  0:12  Probe  
  14  0:19  Pylon  
  14  0:24  Probe  
  15  0:37  Probe (Chrono Boost), Gateway  
  16  0:44  Assimilator  
  16  0:47  Probe (Chrono Boost)  
  17  0:52  Probe (Chrono Boost)  
  18  1:04  Probe  
  19  1:16  Probe  
  20  1:25  Cybernetics Core  
  20  1:34  Nexus  
  20  1:41  Pylon  
  20  1:45  Probe  
  21  1:50  Assimilator  
  21  1:57  Probe  
  22  2:01  Sentry (Chrono Boost)  
  24  2:09  Probe  
  25  2:15  Warp Gate  
  25  2:21  Probe  
  25  2:22  Stalker (Chrono Boost)  
  26  2:24  Phoenix  
  28  2:33  Probe  
  29  2:45  Stalker, Probe  
  29  2:46  Gateway  
  29  2:48  Probe  
  33  2:56  Twilight Council  
  33  2:57  Probe  
  34  3:01  Probe  
  33  3:09  Probe  
  32  3:13  Probe (Chrono Boost)  
  32  3:25  Probe (Chrono Boost)  
  32  3:26  Probe (Chrono Boost)  
  34  3:31  Blink (Chrono Boost)  
  36  3:34  Probe (Chrono Boost)  
  36  3:35  Pylon  
  36  3:36  Probe (Chrono Boost)  
  36  3:39  Probe  
  36  3:46  Probe  
  38  3:51  Probe  
  38  3:52  Gateway  
  39  3:58  Probe  
  40  4:03  Stalker, Probe  
  40  4:06  Stalker  
  44  4:10  Probe  
  44  4:15  Probe  
  46  4:22  Probe (Chrono Boost)  
  45  4:27  Stalker  
  45  4:28  Probe (Chrono Boost)  
  46  4:35  Probe (Chrono Boost)  
  46  4:38  Stalker  
  50  4:39  Probe (Chrono Boost)  
  50  4:42  Pylon, Probe (Chrono Boost)  
  50  4:45  Probe (Chrono Boost)  
  51  4:52  Nexus  
  52  4:53  Probe  
  52  4:55  Pylon  
  52  4:57  Probe  
  54  5:04  Shield Battery  
  54  5:05  Forge  
  54  5:08  Gateway  
  54  5:09  Probe  
  54  5:11  Probe  
  56  5:14  Sentry  
  56  5:15  Assimilator, Sentry  
  56  5:16  Charge (Chrono Boost)  
  60  5:24  Gateway  
  60  5:35  Zealot  
  60  5:36  Protoss Ground Armor Level 1 (Chrono Boost), Probe  
  60  5:40  Shield Battery  
  60  5:41  Gateway  
  63  5:46  Zealot  
  63  5:47  Probe, Gateway  
  66  5:54  Zealot  
  66  5:55  Pylon  
  65  6:04  Zealot x2  
  65  6:09  Probe  
  70  6:11  Probe (Chrono Boost)  
  70  6:14  Probe (Chrono Boost)  
  70  6:16  Shield Battery  
  70  6:22  Probe (Chrono Boost)  
  70  6:25  Zealot x2  
  77  6:29  Probe (Chrono Boost)  
  77  6:30  Probe (Chrono Boost)  
  77  6:31  Probe (Chrono Boost)  
  78  6:35  Templar Archives, Probe (Chrono Boost)  
  78  6:36  Probe x2  
  77  6:41  Stalker  
  77  6:44  Stalker  
  81  6:47  Probe  
  81  6:49  Zealot  
  81  6:51  Zealot  
  81  6:52  Probe  
  87  6:56  Pylon  
  87  6:58  Probe (Chrono Boost)  
  89  7:02  Zealot, Probe (Chrono Boost)  
  89  7:04  Psionic Storm  
  89  7:05  Probe (Chrono Boost)  
  89  7:07  Robotics Facility  
  92  7:12  Pylon  
  92  7:14  Probe (Chrono Boost)  
  92  7:15  Probe (Chrono Boost)  
  95  7:17  Probe (Chrono Boost)  
  95  7:22  Pylon, High Templar  
  97  7:24  Probe  
  97  7:25  Probe  
  97  7:28  Zealot  
  101  7:31  Pylon  
  101  7:36  Shield Battery  
  101  7:37  Pylon, Zealot x3  
  103  7:44  Stalker x2  
  103  7:45  Protoss Ground Weapons Level 1 (Chrono Boost)  
  103  7:46  Probe  
  103  7:50  Probe  
  109  7:53  Zealot  
  109  7:55  Zealot  
  109  7:56  Probe  
  114  8:00  Observer  
  114  8:03  Probe  
  114  8:05  Zealot x3  
  122  8:17  Probe  
  123  8:23  Pylon  
  123  8:25  Assimilator  
  123  8:26  High Templar  
  125  8:29  Zealot x4  
  125  8:31  Probe  
  133  8:42  High Templar  
  127  8:52  Zealot x5  
  127  8:55  Robotics Bay  
  134  8:56  Probe  
  134  8:57  Probe  
  134  8:58  Assimilator  
  134  8:59  Assimilator, Observer (Chrono Boost)  
  134  9:01  Zealot  
  138  9:09  Probe, Nexus  
  139  9:10  Photon Cannon  
  139  9:13  Pylon  
  139  9:15  Pylon, Photon Cannon  
  137  9:17  Probe, Gateway  
  137  9:18  Robotics Facility  
  137  9:23  Stalker  
  138  9:26  Stalker  
  138  9:28  Pylon  
  138  9:30  Pylon, Observer (Chrono Boost)  
  138  9:31  Probe  
  141  9:32  Zealot x4  
  150  9:38  Pylon, Probe  
  150  9:41  Photon Cannon  
  150  9:43  Protoss Ground Armor Level 2 (Chrono Boost)  
  150  9:44  Probe  
  152  9:50  Probe  
  152  9:51  Shield Battery, Probe  
  154  9:56  Probe  
  155  10:02  Probe  
  155  10:03  Probe, Colossus (Chrono Boost)  
  155  10:05  Assimilator, Warp Prism (Chrono Boost)  
  161  10:15  Zealot x3  
  167  10:21  High Templar  
  167  10:22  Zealot x2  
  167  10:25  Zealot  
  167  10:27  Zealot  
  177  10:34  Forge, Probe  
  178  10:38  Zealot x3  
  178  10:41  Colossus (Chrono Boost)  
  183  10:45  Extended Thermal Lance (Chrono Boost)  
  176  10:59  Zealot x5  
  158  11:04  Stalker x3  
  156  11:13  Colossus (Chrono Boost)  
  156  11:23  Zealot x5  
  166  11:26  Probe  
  166  11:28  Assimilator x2  
  166  11:30  Protoss Ground Weapons Level 2 (Chrono Boost)  
  167  11:32  Photon Cannon  
  167  11:40  Gateway  
  167  11:42  Zealot x2  
  167  11:43  Zealot x3, Gateway  
  167  11:45  High Templar  
  179  11:58  Colossus (Chrono Boost)  
  135  12:05  Colossus (Chrono Boost)  
  105  12:11  Stalker  
  105  12:12  Zealot x6  
  116  12:20  Zealot  
  118  12:29  Observer  
  118  12:32  Stalker x3  
  118  12:33  Zealot x2  
  118  12:36  Stalker x3  
  132  12:39  Stalker  
  132  12:43  Stalker  
  136  12:47  Pylon, Disruptor (Chrono Boost)  
  144  12:55  Zealot x3  
  150  12:59  Disruptor (Chrono Boost)  
  148  13:06  Sentry x2  
  148  13:07  Zealot x5  
  158  13:20  Disruptor (Chrono Boost)  
  154  13:29  Protoss Ground Armor Level 3 (Chrono Boost)  
  154  13:31  Disruptor (Chrono Boost)  
  156  13:43  Zealot x6  
  156  13:47  Nexus  
  168  13:48  Observer  
  168  13:49  Observer (Chrono Boost)  
  168  13:50  Photon Cannon  
  168  13:51  Pylon  
  168  13:52  High Templar  
  168  13:53  High Templar x2  
  168  13:54  Pylon, Zealot  
  177  14:03  Stalker  
  177  14:05  Stalker x2  
  177  14:07  Observer (Chrono Boost)  
  183  14:12  Observer (Chrono Boost)  
  183  14:16  Stalker x4  
  191  14:20  Protoss Ground Weapons Level 3  
  191  14:23  Shield Battery  
  191  14:30  Photon Cannon  
  190  14:42  Zealot x5  
  185  14:55  Stalker x5  
  191  15:14  Observer  
  191  15:15  Nexus  
  191  15:16  Stalker  
  191  15:17  Stalker  
  191  15:20  Nexus  
  195  15:25  Pylon  
  195  15:29  Pylon  
  193  15:40  Colossus  
  195  15:43  Pylon  
  179  15:59  Zealot x9  
  179  16:04  Disruptor  
  183  16:08  Zealot  
  176  16:21  High Templar x9  
  192  16:29  Archon x3  
  188  16:33  Zealot  
  188  16:34  Disruptor (Chrono Boost)  
  188  16:38  Colossus (Chrono Boost)  
  199  16:50  Photon Cannon  
  199  16:52  Photon Cannon  
  199  16:53  Shield Battery  
  199  16:55  Photon Cannon  
  199  16:57  Photon Cannon  
  199  17:17  Robotics Bay  
  185  17:23  Stalker x7  
  177  17:48  Stalker  
  177  17:49  Stalker x8  
  195  18:00  Pylon  
  195  18:14  Nexus  
  195  18:15  Zealot x2  
  195  18:20  Zealot x3  
  196  18:34  Probe  
  196  18:38  Pylon  
  196  18:41  Pylon  
  134  19:05  Colossus  
  134  19:08  Stalker x6  
  134  19:09  Stalker x2  
  144  19:21  Probe x2  
  144  19:22  Photon Cannon  
  144  19:35  Zealot x8  
  160  19:39  Gateway  
  160  19:43  Gateway  
  160  19:44  Assimilator  
  160  19:45  Assimilator  
Show
View Real Time Build Order
Export as new Build Order

SpeCial Terran 

Build Orders:  

Get SALT Encoding   

  12  0:00  SCV  
  13  0:12  SCV  
  14  0:18  Supply Depot  
  14  0:24  SCV  
  15  0:40  SCV  
  16  0:42  Barracks  
  16  0:45  Refinery  
  16  0:52  SCV  
  16  0:55  Refinery  
  17  1:04  SCV  
  18  1:16  SCV  
  19  1:30  Orbital Command, Reaper  
  20  1:36  Supply Depot  
  20  1:44  Factory  
  20  1:56  SCV  
  21  2:02  Reaper  
  22  2:08  SCV  
  23  2:20  SCV  
  24  2:25  Command Center  
  24  2:29  Hellion  
  26  2:33  SCV  
  26  2:36  Barracks Reactor  
  27  2:43  Starport  
  27  2:47  SCV  
  28  2:53  Widow Mine  
  30  2:58  Supply Depot  
  30  3:03  SCV  
  31  3:14  Marine  
  31  3:19  Marine  
  31  3:20  Widow Mine  
  31  3:21  SCV  
  31  3:23  Medivac  
  36  3:31  Marine  
  37  3:36  Bunker  
  37  3:37  Marine  
  38  3:41  Orbital Command  
  38  3:45  Factory Tech Lab  
  38  3:47  SCV  
  39  3:52  Marine  
  39  3:55  Marine  
  41  4:00  SCV  
  41  4:01  Starport Tech Lab  
  42  4:09  SCV  
  43  4:12  SCV  
  43  4:13  Siege Tank  
  43  4:16  Marine x2  
  47  4:29  SCV x2, Raven  
  47  4:32  Interference Matrix  
  47  4:41  SCV, Barracks  
  47  4:42  SCV, Supply Depot  
  47  4:43  Barracks, Marine x2  
  51  4:51  Siege Tank  
  54  4:55  Supply Depot  
  54  5:04  SCV x2, Engineering Bay  
  54  5:05  Marine x2  
  58  5:12  Refinery  
  58  5:16  SCV x2  
  58  5:19  Supply Depot  
  60  5:22  Marine x2  
  62  5:28  SCV x2  
  63  5:40  SCV x2, Marine  
  66  5:43  Terran Infantry Weapons Level 1  
  66  5:44  Starport Reactor  
  66  5:46  Stimpack, Marauder  
  68  5:51  Refinery, Factory Reactor, Marauder  
  68  5:52  SCV x2, Supply Depot  
  72  5:58  Marine x2  
  72  6:03  Supply Depot  
  74  6:05  SCV x2  
  76  6:12  Combat Shield  
  76  6:15  Marine  
  76  6:16  Marine  
  76  6:17  SCV x2  
  80  6:21  Command Center  
  80  6:25  Medivac  
  82  6:26  Medivac  
  84  6:33  Marine  
  84  6:34  Supply Depot, Marine  
  84  6:35  Marauder  
  87  6:40  Marauder  
  87  6:43  SCV  
  87  6:44  SCV  
  91  6:47  Widow Mine  
  91  6:48  Supply Depot  
  91  6:51  Marine  
  94  6:56  Widow Mine, Marine  
  94  7:00  Supply Depot  
  96  7:03  Barracks x2  
  96  7:06  Marauder  
  98  7:09  Marine  
  98  7:10  Marauder  
  98  7:14  Marine  
  102  7:18  SCV  
  102  7:20  Widow Mine  
  102  7:22  Medivac x2  
  109  7:24  SCV  
  109  7:27  Marine  
  111  7:31  Marine  
  111  7:32  SCV  
  111  7:35  Orbital Command  
  111  7:36  SCV  
  114  7:41  Marauder x2  
  118  7:45  Marine  
  118  7:47  Widow Mine, Supply Depot  
  118  7:49  Marine  
  118  7:50  Widow Mine  
  124  7:53  Concussive Shells, Barracks Tech Lab, Barracks Reactor  
  124  7:58  Terran Infantry Armor Level 1  
  124  8:03  SCV x2  
  124  8:05  Orbital Command, Viking  
  128  8:09  Viking  
  130  8:17  Marine x2  
  133  8:20  SCV x2  
  133  8:23  Marauder x3  
  138  8:32  SCV  
  128  8:37  SCV x2  
  128  8:38  Marine x4  
  133  8:44  SCV, Marauder  
  133  8:45  Marauder  
  136  8:51  Medivac x2  
  126  8:56  Marine x4  
  126  8:57  Marine  
  126  9:02  SCV x3, Ghost Academy  
  130  9:03  Armory  
  130  9:06  Marauder  
  130  9:08  Marauder  
  134  9:14  SCV x3, Marauder, Marine x2  
  134  9:15  Bunker  
  134  9:17  Marine x2  
  141  9:24  Refinery x2  
  137  9:26  SCV, Supply Depot  
  137  9:29  Widow Mine  
  140  9:32  Marine  
  141  9:44  Marine x2  
  141  9:45  Widow Mine, Viking x2  
  149  9:48  Marine  
  149  9:49  Ghost x3  
  149  9:51  SCV  
  157  9:55  Supply Depot  
  157  9:58  Terran Infantry Weapons Level 2  
  157  10:06  SCV  
  157  10:07  Supply Depot  
  157  10:08  Supply Depot  
  157  10:12  Marine  
  157  10:17  Marine x3  
  157  10:18  Marauder x2  
  166  10:28  Marauder  
  166  10:30  Marine  
  166  10:31  Command Center  
  166  10:34  Marine x2  
  166  10:35  Marine  
  170  10:39  Marauder, Marine  
  170  10:42  Widow Mine  
  175  10:48  Marine  
  177  10:50  Marauder  
  177  10:52  Marine x2  
  176  10:57  Marauder  
  176  11:04  Marauder, Marine  
  159  11:05  Medivac x2  
  159  11:06  Marine  
  150  11:11  Marauder  
  150  11:14  Marine  
  150  11:16  Marine  
  146  11:19  Marauder  
  146  11:23  Marine x2  
  147  11:25  Marauder  
  147  11:32  Ghost, Marine  
  150  11:34  Marine  
  150  11:35  Viking x2  
  155  11:40  Widow Mine x2, Marauder  
  155  11:41  Marine x2  
  155  11:46  Marine  
  164  11:49  Marine  
  164  11:51  Marine  
  149  12:01  Marauder  
  149  12:05  Viking x2  
  149  12:08  Ghost x2  
  140  12:09  Marine x2  
  140  12:10  Marine  
  145  12:16  Marine  
  145  12:17  Widow Mine x2  
  145  12:19  SCV  
  153  12:23  Marauder  
  153  12:26  Marine  
  150  12:34  Marine x2  
  150  12:36  Ghost  
  153  12:37  Marauder, Marine  
  153  12:41  SCV  
  153  12:42  Viking  
  163  12:44  Marauder  
  163  12:45  Planetary Fortress  
  163  12:51  Marine  
  162  12:52  Marine  
  162  12:53  Marine  
  164  12:58  Marauder  
  164  13:01  Terran Infantry Weapons Level 3  
  166  13:07  Marauder, Marine x2  
  166  13:08  Marine  
  171  13:19  Widow Mine  
  152  13:23  Viking  
  152  13:24  Marine  
  152  13:25  Marauder  
  138  13:27  Viking  
  138  13:29  Marauder, Marine x4  
  144  13:41  Missile Turret  
  144  13:42  Marine  
  144  13:46  Marine  
  144  13:47  Ghost, Marine x3  
  151  13:50  Ghost  
  151  13:53  Viking  
  155  14:00  Marine  
  156  14:06  Starport  
  156  14:07  Barracks  
  154  14:11  Marauder, Marine x2  
  154  14:15  Viking  
  160  14:19  Marine x2  
  160  14:20  Marine  
  160  14:23  Viking  
  165  14:24  Terran Ship Weapons Level 1  
  165  14:34  Marauder, Marine x3  
  170  14:39  Ghost  
  170  14:40  Marine x2  
  170  14:44  Widow Mine  
  170  14:45  Viking  
  178  14:52  Ghost  
  174  14:59  Marine x2  
  170  15:00  Marauder  
  170  15:05  Widow Mine  
  161  15:10  Marauder, Marine x2  
  161  15:11  Medivac x2, Viking  
  169  15:15  Viking  
  169  15:18  Marine x2  
  169  15:19  Barracks Tech Lab  
  169  15:21  Sensor Tower, Marauder, Marine  
  176  15:24  Command Center  
  176  15:26  Missile Turret  
  176  15:28  Marine  
  177  15:36  Marauder  
  177  15:41  Viking  
  174  15:45  Barracks  
  174  15:46  Barracks  
  174  15:48  Marauder, Marine x2  
  176  15:54  Marine  
  176  15:55  Marauder  
  173  15:59  Marauder  
  173  16:01  Viking  
  164  16:06  Marauder, Marine  
  164  16:07  Medivac x2  
  164  16:11  Medivac, Marine  
  173  16:13  Missile Turret  
  174  16:20  Marine x3  
  174  16:21  Marauder  
  169  16:28  Marine  
  169  16:29  Marauder  
  169  16:31  Medivac  
  169  16:32  Marauder  
  172  16:37  Medivac  
  172  16:39  Marine  
  177  16:40  Marauder  
  177  16:45  Marine, Terran Infantry Armor Level 2  
  177  16:46  Ghost  
  178  16:47  Marine x2  
  178  16:50  Marine  
  183  16:59  Marauder, Marine  
  183  17:00  Marine  
  187  17:03  Marine  
  187  17:05  Barracks Tech Lab, Marine  
  187  17:06  Barracks Reactor  
  189  17:09  Marauder  
  189  17:15  Marine  
  192  17:16  Marauder  
  192  17:21  Fusion Core  
  169  17:23  Medivac x2  
  169  17:25  Marine  
  169  17:26  Marine, Marauder x2  
  169  17:29  Marauder, Marine  
  177  17:43  Marauder, Marine  
  155  17:46  Marine  
  155  17:47  Marine x2, Marauder  
  155  17:48  Marauder  
  155  17:51  Marine  
  159  17:52  Viking x3  
  159  17:56  Marauder, Marine  
  164  17:59  Planetary Fortress  
  164  18:03  Ghost  
  166  18:07  Marine x2  
  166  18:12  Marauder, Marine  
  168  18:20  Marauder, Marine x2  
  157  18:32  Viking x2  
  145  18:42  Marine  
  145  18:43  Marauder  
  125  18:50  Marine  
  125  18:51  Marauder  
  116  19:00  Marine  
  96  19:07  Marauder  
  85  19:10  Marine  
  85  19:15  Marine  
  75  19:20  Marine x2  
  75  19:21  Marine  
  77  19:25  Marine  
  77  19:28  Marine, Marauder  
  77  19:31  Marine  
  80  19:36  Marine  
  80  19:37  Marauder  
  80  19:38  Marine  
Tags
 
Add a new tag
Caveats
  • Supply blocks, unpowered buildings, or Contaminate may cause inaccurate times.
  • Supply counts are checked every 10 seconds.